 Dungeon Crawl Stone Soup version 0.31.0 (webtiles) character file.

Game seed: 15563251503872320097

53540 qw the Marksgargoyle (level 14, -5/92 HPs)
             Began as a Gargoyle Hunter on Jan 19, 2024.
             Was the Champion of Okawaru.
             Slain by a sun demon (17 damage)
             ... on level 5 of the Lair of Beasts.
             The game lasted 00:02:17 (13759 turns).

qw the Marksgargoyle (Gargoyle Hunter)             Turns: 13759, Time: 00:02:18

Health: -5/92      AC: 25    Str: 15    XL:     14   Next: 68%
Magic:  27/30      EV: 22    Int: 13    God:    Okawaru [******]
Gold:   1813       SH:  0    Dex: 32    Spells: 13/13 levels left

rFire   . . .        u - +3 arbalest (drain)
rCold   . . .        (shield currently unavailable)
rNeg    + + .        n - +0 leather armour of Xeatwuol {Will- Regen+ Int+2 Dex+6}
rPois   inf          r - +2 hat {Will+}
rElec   +            (no cloak)
rCorr   .            t - +3 pair of gauntlets of War {Slay+5}
SInv    .            c - +0 pair of boots of Shielding {rN+ Dex+3}
Will    +....        b - amulet "Suarha Ighie" {Faith Regen+ MP+9 Slay+3}
Stlth   +++          o - +6 ring of dexterity
HPRegen 1.95/turn    d - +4 ring of protection
MPRegen 0.22/turn

%: faith
@: about to teleport, finesse-ful, flying
A: sickness immunity, AC +10, big wings, negative energy resistance 1,
electricity resistance, torment resistance 1, petrification resistance
a: Renounce Religion, Heroism, Finesse, Duel


You were on level 5 of the Lair of Beasts.
You worshipped Okawaru.
Okawaru was exalted by your worship.
You visited 3 branches of the dungeon, and saw 17 of its levels.
You also visited: Gauntlet.

You collected 1813 gold pieces.


Innate Abilities, Weirdness & Mutations

You are immune to sickness and miasma.
Your stone body is resilient. (AC +10)
You are immune to poison.
Your large and strong wings let you fly.
You resist negative energy. (rN+)
You are resistant to electric shocks. (rElec)
You are resistant to unholy torment.
You are immune to petrification.


   Skills:
 - Level 12.0 Fighting
 - Level 18.0 Ranged Weapons
 - Level 4.0 Armour
 + Level 9.6 Dodging
 - Level 1.1 Stealth
 - Level 10.0 Invocations


You had 13 spell levels left.
You didn't know any spells.
Your spell library was empty.

Inventory:

Hand Weapons
 u - a +3 arbalest of draining (weapon)
Armour
 c - the +0 pair of boots of Shielding (worn) {rN+ Dex+3}
   (You found it in a Gauntlet)

   Dex+3:     It affects your dexterity (+3).
   rN+:       It protects you from negative energy.
 n - the +0 leather armour of Xeatwuol (worn) {Will- Regen+ Int+2 Dex+6}
   (You took it off an orc on level 5 of the Dungeon)

   Int+2:     It affects your intelligence (+2).
   Dex+6:     It affects your dexterity (+6).
   Will-:     It decreases your willpower.
   Regen+:    It increases your rate of health regeneration.
 r - a +2 hat of willpower (worn)
 t - the +3 pair of gauntlets of War (worn) {Slay+5}
   (Okawaru gifted it to you in a Gauntlet)

   Slay+5:    It affects your accuracy & damage with ranged weapons and melee
   (+5).
Jewellery
 b - the amulet "Suarha Ighie" (around neck) {Faith Regen+ MP+9 Slay+3}
   (You acquired it on level 3 of the Dungeon)

   [amulet of faith]

   Faith:     It allows you to gain divine favour quickly.
   Slay+3:    It affects your accuracy & damage with ranged weapons and melee
   (+3).
   MP+9:      It affects your magic capacity (+9).
   Regen+:    It increases your rate of health regeneration.
 d - a +4 ring of protection (right hand)
 o - a +6 ring of dexterity (left hand)
 q - a ring of fire
Wands
 a - a wand of roots (7)
 f - a wand of charming (14)
Scrolls
 h - a scroll of teleportation
Potions
 e - 7 potions of curing
 g - 2 potions of resistance
 i - 2 potions of haste
 j - a potion of enlightenment
 k - 3 potions of heal wounds
 l - 3 potions of cancellation
 m - a potion of mutation

Dungeon Overview and Level Annotations

Branches:
Dungeon (11/15)            Temple (1/1) D:5            Lair (5/5) D:11
 Shoals (0/4) Lair:2        Snake (0/4) Lair:2        Slime (0/5) Lair:5
    Orc (0/2) D:9         Gauntlet (visited)

Altars:
Ashenzari
Cheibriados
Dithmenos
Elyvilon
Fedhas
Gozag
Hepliaklqana
Kikubaaqudgha
Makhleb
Nemelex Xobeh
Okawaru
Qazlal
Ru
Sif Muna
Trog
Uskayaw
Vehumet
Wu Jian
Xom
Yredelemnul
Zin
The Shining One


Message History

The sun demon hits you but does no damage.
13750 ||| RETREEEEATING.
You shoot a bolt. The bolt hits the fungus!!
The fungus is moderately damaged.
13751 ||| RETREEEEATING.
You shoot a bolt. The bolt hits the fungus!
The fungus is moderately damaged.
The orange demon stings you but does no damage.
The sun demon hits you but does no damage.
13752 ||| RETREEEEATING.
You shoot a bolt. The bolt hits the fungus!
You drain the fungus.
The fungus is heavily damaged.
The sun demon barely misses you.
13753 ||| RETREEEEATING.
You shoot a bolt. The bolt hits the fungus!!
The fungus is heavily damaged.
The orange demon stings you but does no damage.
13754 ||| RETREEEEATING.
You shoot a bolt. The bolt hits the fungus!!
The fungus is severely damaged.
The sun demon hits you but does no damage.
13755 ||| RETREEEEATING.
You shoot a bolt. The bolt hits the fungus!!!
The fungus is almost destroyed.
The orange demon completely misses you. The hell hound breathes flames at you.
The blast of flame hits the sun demon.
The sun demon completely resists.
The blast of flame misses you.
13756 ||| RETREEEEATING.
You shoot a bolt. The bolt hits the fungus!!
You destroy the fungus!
The sun demon hits you.
You are engulfed in flames!
The orange demon misses you. The orange demon completely misses you.
13757 ||| RETREEEEATING.
The orange demon attacks as it pursues you!
The orange demon completely misses you.
You shoot a bolt. The bolt barely misses the sun demon.
The bolt hits the orange demon!!
The orange demon is heavily wounded.
The sun demon hits you!!
You are engulfed in flames!!
13759 ||| READING 2 scrolls of teleportation.
As you read the scroll of teleportation, it crumbles to dust.
You feel strangely unstable. The orange demon closely misses you.
The sun demon hits you!
You are engulfed in flames!
You die... 77%7 7..77 77.7 7...77 77..77 7....777 7777....77 777..77..777 ..:..7...777 77...77777..77 ...7777%7..7777 7777...77 777.. 7777

7..777...777....777
7.. 7..77
77.......777 7.. 7..7
77.77@777 ######'
7..7
777773#########......
7..7
7#44......#...8.. 7..
#h48.8...'......
#...#.8..#######
#..#.8..%# ...43
#...8.#..#h..h..
#..8.#...4hh.3_.
#...8.8.)#.....ยค


You could see a sun demon, 2 orange demons, an ice devil and a hell hound.

Vanquished Creatures
  A minotaur (Gauntlet)
  6 hydras
  Erica (D:8)
  2 two-headed ogres
  11 death yaks
  Urug (Lair:4)
  Sonja (D:11)
  3 sixfirhies (Gauntlet)
  3 skysharks
  An arcanist (Lair:5)
  2 lindwurms
  2 manticores
  5 black mambas
  A smoke demon (Lair:5)
  7 elephants (Lair:5)
  A torpor snail (Lair:2)
  14 cane toads
  An orange demon (Lair:5)
  6 komodo dragons
  7 rime drakes
  An ice devil (Lair:5)
  Psyche (D:8)
  A polar bear (Lair:5)
  A wind drake (Lair:2)
  A tyrant leech (Gauntlet)
  7 hornets (Lair:3)
  16 blink frogs
  7 dream sheep (Lair:2)
  34 yaks
  A vampire (D:11)
  A wraith (D:9)
  A shadow (D:11)
  2 wyverns
  3 steam dragons
  6 basilisks
  2 nagas (Lair:2)
  4 swamp worms (Gauntlet)
  6 water moccasins
  An acid dragon (D:10)
  7 orc warriors
  2 hell hounds (Lair:5)
  A black bear (D:6)
  A sky beast (D:7)
  2 ice beasts
  3 ogres
  24 wolves
  15 centaurs
  2 phantoms
  4 kobold brigands
  8 bullfrogs
  2 gnoll sergeants
  3 scorpions (D:5)
  3 wights (D:9)
  6 killer bees (D:7)
  2 howler monkeys (D:9)
  2 jellies (D:8)
  9 orc priests
  A gnoll bouda (D:6)
  6 hounds
  3 iguanas (D:5)
  2 sleepcaps
  15 orc wizards
  19 gnolls
  7 adders
  A shadow imp (D:6)
  4 white imps
  4 dart slugs
  51 orcs
  5 ball pythons
  9 endoplasms
  2 giant cockroaches
  16 goblins
  12 hobgoblins
  4 jackals (D:5)
  21 kobolds
  8 quokkas
  3 bats
  6 frilled lizards
  7 rats
474 creatures vanquished.

Notes
Turn   | Place    | Note
-------+----------+-------------------------------------------
     0 | D:1      | qw the Gargoyle Hunter began the quest for the Orb.
     0 | D:1      | Reached XP level 1. HP: 12/12 MP: 1/1
     0 | D:1      | 0 ||| qw: Version: 0.3-a-132-g3d54051
     0 | D:1      | 0 ||| qw: Game counter: 119
     0 | D:1      | 0 ||| qw: Melee chars always use a shield: true
     0 | D:1      | 0 ||| qw: God list: Okawaru
     0 | D:1      | 0 ||| qw: Allow faded altars: false
     0 | D:1      | 0 ||| qw: Do Orc after clearing Dungeon:15 true
     0 | D:1      | 0 ||| qw: Do second Lair branch before Depths: true
     0 | D:1      | 0 ||| qw: Lair rune preference: random
     0 | D:1      | 0 ||| qw: Goals: Normal
     0 | D:1      | 0 ||| PLANNING D:1-11
    11 | D:1      | 11 ||| RETREEEEATING.
    15 | D:1      | 15 ||| RETREEEEATING.
    27 | D:1      | Reached XP level 2. HP: 12/17 MP: 2/2
   170 | D:1      | 170 ||| DROPPING ring of wizardry.
   171 | D:1      | 171 ||| DROPPING scroll of butterflies.
   308 | D:1      | Found a faded altar of an unknown god.
   560 | D:1      | Reached XP level 3. HP: 21/21 MP: 3/3
   628 | D:1      | 628 ||| UPGRADING to amulet of reflection.
   633 | D:1      | 633 ||| READING scroll labelled NAITEO TEBIMOOCI.
   633 | D:1      | 633 ||| IDENTIFYING green potion
   647 | D:2      | 647 ||| STAIRDANCE
   667 | D:2      | Reached skill level 5 in Ranged Weapons
   667 | D:2      | 667 ||| FLEEEEING.
   743 | D:2      | Found a basalt altar of Yredelemnul.
  1046 | D:2      | Reached skill level 3 in Fighting
  1046 | D:2      | Reached XP level 4. HP: 23/28 MP: 4/4
  1046 | D:2      | 1046 ||| FLEEEEING.
  1479 | D:2      | 1479 ||| READING scroll of identify.
  1479 | D:2      | 1479 ||| IDENTIFYING bubbling inky potion
  1480 | D:2      | 1480 ||| READING scroll labelled YHULAE YZ VOI.
  1480 | D:2      | 1480 ||| ENCHANTING +0 shortbow.
  1481 | D:2      | 1481 ||| READING scroll labelled QAUD CIOGOIBI.
  1482 | D:2      | 1482 ||| DRINKING 2 clear potions.
  1483 | D:2      | 1483 ||| DROPPING potion of berserk rage.
  1845 | D:3      | Reached XP level 5. HP: 32/32 MP: 5/5
  1883 | D:3      | 1883 ||| FLEEEEING.
  1894 | D:3      | 1894 ||| FLEEEEING.
  1896 | D:3      | 1896 ||| STAIRDANCE
  1930 | D:2      | 1930 ||| READING scroll of identify.
  1930 | D:2      | 1930 ||| IDENTIFYING fizzy silvery potion
  1931 | D:2      | 1931 ||| READING scroll labelled CEGUUVU TATY.
  1932 | D:2      | 1932 ||| READING scroll labelled UNLABUNYUG.
  1933 | D:2      | 1933 ||| FLEEEEING.
  1935 | D:2      | 1935 ||| DRINKING 2 red potions.
  1972 | D:3      | Reached skill level 6 in Ranged Weapons
  1972 | D:3      | 1972 ||| STAIRDANCE
  2048 | D:3      | 2048 ||| RETREEEEATING.
  2049 | D:3      | 2049 ||| RETREEEEATING.
  2056 | D:3      | HP: 7/33 [gnoll/+0 halberd (5)]
  2057 | D:3      | 2057 ||| DRINKING potion of heal wounds.
  2125 | D:3      | 2125 ||| UPGRADING to +0 leather armour of fire resistance.
  2135 | D:3      | 2135 ||| DROPPING +0 leather armour.
  2136 | D:3      | 2136 ||| READING 2 scrolls labelled PAGREU JOIKKA.
  2136 | D:3      | Identified 2 scrolls of acquirement
  2136 | D:3      | 2136 ||| ACQUIRING ring of the Duke {Fly Will+ MP+9 Str-2}
  2136 | D:3      | Acquired the ring of the Duke {Fly Will+ MP+9 Str-2}
  2137 | D:3      | 2137 ||| READING scroll of acquirement.
  2137 | D:3      | 2137 ||| ACQUIRING amulet "Suarha Ighie" {Faith Regen+ MP+9
                  | Slay+3}
  2137 | D:3      | Acquired the amulet "Suarha Ighie" {Faith Regen+ MP+9
                  | Slay+3}
  2139 | D:3      | 2139 ||| UPGRADING to amulet "Suarha Ighie" {Faith Regen+
                  | MP+9 Slay+3}.
  2214 | D:3      | 2214 ||| DROPPING amulet of reflection.
  2215 | D:3      | 2215 ||| UPGRADING to ring of the Duke {Fly Will+ MP+9
                  | Str-2}.
  2362 | D:4      | Reached XP level 6. HP: 38/38 MP: 6/6
  2379 | D:4      | 2379 ||| FLEEEEING.
  2381 | D:4      | 2381 ||| STAIRDANCE
  2402 | D:3      | 2402 ||| UPGRADING to ring of positive energy.
  2403 | D:3      | 2403 ||| READING scroll labelled WAIGYRCH MAKH.
  2415 | D:4      | 2415 ||| DRINKING potion of curing.
  2415 | D:4      | 2415 ||| (to cure confusion)
  2659 | D:4      | 2659 ||| READING scroll of acquirement.
  2659 | D:4      | 2659 ||| ACQUIRING 665 gold pieces
  2659 | D:4      | Acquired 665 gold pieces
  2724 | D:4      | 2724 ||| UPGRADING to +0 pair of gloves.
  2729 | D:4      | 2729 ||| READING scroll of identify.
  2729 | D:4      | 2729 ||| IDENTIFYING lumpy sapphire potion
  2730 | D:4      | 2730 ||| READING scroll labelled ZEKLON EJUCUCA.
  2759 | D:5      | Entered Level 5 of the Dungeon
  2805 | D:5      | Reached skill level 1 in Armour
  2859 | D:5      | Reached skill level 7 in Ranged Weapons
  2859 | D:5      | Reached XP level 7. HP: 43/43 MP: 7/7
  2972 | D:5      | Found a staircase to the Ecumenical Temple.
  2973 | D:5      | 2973 ||| PLANNING TEMPLE
  2976 | D:5      | 2976 ||| DROPPING ring of flight.
  2984 | Temple   | Entered the Ecumenical Temple
  2985 | Temple   | 2985 ||| PLANNING D:1-11
  2991 | D:5      | Identified the +0 leather armour of Xeatwuol {Will- Regen+
                  | Int+2 Dex+6}
  2999 | D:5      | 2999 ||| RETREEEEATING.
  3000 | D:5      | 3000 ||| RETREEEEATING.
  3001 | D:5      | 3001 ||| RETREEEEATING.
  3002 | D:5      | 3002 ||| RETREEEEATING.
  3004 | D:5      | 3004 ||| RETREEEEATING.
  3018 | D:5      | Reached skill level 8 in Ranged Weapons
  3023 | D:5      | 3023 ||| FLEEEEING.
  3143 | D:5      | 3143 ||| FLEEEEING.
  3188 | D:5      | Reached XP level 8. HP: 49/49 MP: 8/8
  3230 | D:5      | Reached skill level 9 in Ranged Weapons
  3271 | D:5      | 3271 ||| FLEEEEING.
  3538 | D:5      | Reached skill level 6 in Fighting
  3699 | D:5      | 3699 ||| UPGRADING to +0 leather armour of Xeatwuol {Will-
                  | Regen+ Int+2 Dex+6}.
  3709 | D:5      | 3709 ||| DROPPING +0 leather armour of fire resistance.
  3987 | D:6      | Reached skill level 3 in Dodging
  4035 | D:6      | 4035 ||| RETREEEEATING.
  4036 | D:6      | 4036 ||| RETREEEEATING.
  4037 | D:6      | 4037 ||| RETREEEEATING.
  4038 | D:6      | 4038 ||| RETREEEEATING.
  4039 | D:6      | 4039 ||| RETREEEEATING.
  4040 | D:6      | 4040 ||| RETREEEEATING.
  4070 | D:6      | 4070 ||| FLEEEEING.
  4093 | D:6      | Reached skill level 10 in Ranged Weapons
  4305 | D:6      | Reached XP level 9. HP: 56/56 MP: 9/9
  4442 | D:6      | 4442 ||| FLEEEEING.
  4499 | D:6      | Found an iron altar of Okawaru.
  4499 | D:6      | Found a glowing golden altar of the Shining One.
  4500 | D:6      | 4500 ||| PLANNING OKAWARU WORSHIP
  4500 | D:6      | 4500 ||| READING 2 scrolls of identify.
  4500 | D:6      | 4500 ||| IDENTIFYING amethyst potion
  4501 | D:6      | 4501 ||| READING scroll of identify.
  4501 | D:6      | 4501 ||| IDENTIFYING sedimented puce potion
  4506 | D:6      | Became a worshipper of Warmaster Okawaru
  4507 | D:6      | 4507 ||| PLANNING D:1-11
  4724 | D:7      | 4724 ||| Stepping ~*~*~tactically~*~*~ (cloud).
  4797 | D:7      | 4797 ||| RETREEEEATING.
  4800 | D:7      | 4800 ||| RETREEEEATING.
  4801 | D:7      | 4801 ||| RETREEEEATING.
  4802 | D:7      | 4802 ||| RETREEEEATING.
  4806 | D:7      | Reached skill level 11 in Ranged Weapons
  4873 | D:7      | Reached * piety under Okawaru
  4874 | D:7      | 4874 ||| FLEEEEING.
  4898 | D:7      | 4898 ||| SWAPPING to +0 orcbow.
  4899 | D:7      | 4899 ||| DROPPING +1 shortbow.
  4939 | D:7      | Reached skill level 1 in Invocations
  5095 | D:7      | 5095 ||| FLEEEEING.
  5602 | D:7      | 5602 ||| DROPPING amulet of regeneration.
  5603 | D:7      | 5603 ||| READING scroll labelled COACEL ISCHIOTA.
  5645 | D:8      | 5645 ||| RETREEEEATING.
  5646 | D:8      | 5646 ||| RETREEEEATING.
  5647 | D:8      | 5647 ||| RETREEEEATING.
  5651 | D:8      | 5651 ||| RETREEEEATING.
  5653 | D:8      | Reached skill level 3 in Invocations
  5658 | D:8      | Reached ** piety under Okawaru
  5665 | D:8      | Reached XP level 10. HP: 61/64 MP: 13/13
  5755 | D:8      | Found a flagged portal.
  5793 | D:8      | Noticed Psyche
  5806 | D:8      | 5806 ||| FLEEEEING.
  5816 | D:8      | 5816 ||| INVOKING Heroism.
  5830 | D:8      | Killed Psyche
  5980 | D:8      | 5980 ||| FLEEEEING.
  6019 | D:8      | Reached *** piety under Okawaru
  6067 | D:8      | Noticed Erica
  6068 | D:8      | 6068 ||| INVOKING Heroism.
  6084 | D:8      | 6084 ||| FLEEEEING.
  6095 | D:8      | 6095 ||| FLEEEEING.
  6101 | D:8      | Killed Erica
  6102 | D:8      | Reached skill level 12 in Ranged Weapons
  6527 | D:8      | 6527 ||| UPGRADING to +4 ring of protection.
  6529 | D:8      | 6529 ||| UPGRADING to ring of the Duke {Fly Will+ MP+9
                  | Str-2}.
  6571 | D:8      | 6571 ||| READING scroll labelled NIPTIW RUXOACO.
  6592 | D:9      | 6592 ||| STAIRDANCE
  6620 | D:9      | 6620 ||| DRINKING 2 potions of curing.
  6620 | D:9      | 6620 ||| (to cure confusion)
  6621 | D:9      | 6621 ||| DRINKING potion of curing.
  6621 | D:9      | 6621 ||| (to cure confusion)
  6628 | D:9      | Noticed a two-headed ogre
  6629 | D:9      | 6629 ||| INVOKING Heroism.
  6637 | D:9      | Killed a two-headed ogre
  6662 | D:9      | 6662 ||| INVOKING Heroism.
  6786 | D:9      | 6786 ||| RETREEEEATING.
  6789 | D:9      | 6789 ||| RETREEEEATING.
  6792 | D:9      | 6792 ||| RETREEEEATING.
  6793 | D:9      | 6793 ||| RETREEEEATING.
  6795 | D:9      | 6795 ||| RETREEEEATING.
  6799 | D:9      | 6799 ||| RETREEEEATING.
  6800 | D:9      | 6800 ||| RETREEEEATING.
  6801 | D:9      | 6801 ||| RETREEEEATING.
  6802 | D:9      | 6802 ||| RETREEEEATING.
  6803 | D:9      | 6803 ||| RETREEEEATING.
  6804 | D:9      | 6804 ||| RETREEEEATING.
  6805 | D:9      | 6805 ||| RETREEEEATING.
  6807 | D:9      | 6807 ||| RETREEEEATING.
  6821 | D:9      | 6821 ||| RETREEEEATING.
  6835 | D:9      | 6835 ||| FLEEEEING.
  6874 | D:9      | Reached skill level 13 in Ranged Weapons
  6940 | D:9      | Reached **** piety under Okawaru
  6941 | D:9      | Reached XP level 11. HP: 68/68 MP: 14/14
  6987 | D:9      | Found a staircase to the Orcish Mines.
  7233 | D:9      | 7233 ||| UPGRADING to +0 helmet.
  7238 | D:9      | 7238 ||| DROPPING amulet of faith.
  7239 | D:9      | 7239 ||| DROPPING ring of positive energy.
  7240 | D:9      | 7240 ||| READING scroll of identify.
  7240 | D:9      | 7240 ||| IDENTIFYING fuming green potion
  7241 | D:9      | 7241 ||| DROPPING potion of invisibility.
  7269 | D:10     | Entered Level 10 of the Dungeon
  7330 | D:10     | 7330 ||| FLEEEEING.
  7331 | D:10     | 7331 ||| FLEEEEING.
  7332 | D:10     | 7332 ||| FLEEEEING.
  7333 | D:10     | 7333 ||| FLEEEEING.
  7334 | D:10     | 7334 ||| FLEEEEING.
  7335 | D:10     | 7335 ||| FLEEEEING.
  7336 | D:10     | 7336 ||| FLEEEEING.
  7337 | D:10     | 7337 ||| FLEEEEING.
  7338 | D:10     | 7338 ||| FLEEEEING.
  7339 | D:10     | 7339 ||| FLEEEEING.
  7340 | D:10     | 7340 ||| FLEEEEING.
  7341 | D:10     | 7341 ||| FLEEEEING.
  7421 | D:10     | Reached skill level 9 in Fighting
  7598 | D:10     | 7598 ||| INVOKING Finesse.
  7599 | D:10     | 7599 ||| RETREEEEATING.
  7600 | D:10     | 7600 ||| RETREEEEATING.
  7620 | D:10     | Reached skill level 6 in Invocations
  7626 | D:10     | Reached skill level 3 in Armour
  7976 | D:10     | 7976 ||| READING scroll of identify.
  7976 | D:10     | 7976 ||| IDENTIFYING puce potion
  7977 | D:10     | 7977 ||| READING scroll labelled JODUAX PARPHORGHE.
  7977 | D:10     | 7977 ||| ENCHANTING +0 pair of gloves.
  7978 | D:10     | 7978 ||| READING scroll labelled CAISCH DYBA.
  7979 | D:10     | 7979 ||| DROPPING potion of lignification.
  8014 | D:11     | Reached ***** piety under Okawaru
  8024 | D:11     | 8024 ||| FLEEEEING.
  8143 | D:11     | 8143 ||| RETREEEEATING.
  8144 | D:11     | 8144 ||| INVOKING Finesse.
  8259 | D:11     | Noticed a two-headed ogre
  8260 | D:11     | 8260 ||| INVOKING Finesse.
  8266 | D:11     | Killed a two-headed ogre
  8306 | D:11     | Noticed a manticore
  8307 | D:11     | 8307 ||| INVOKING Finesse.
  8326 | D:11     | Killed a manticore
  8599 | D:11     | 8599 ||| FLEEEEING.
  8716 | D:11     | Found a staircase to the Lair.
  8850 | D:11     | Noticed Sonja
  8851 | D:11     | 8851 ||| INVOKING Finesse.
  8854 | D:11     | Killed Sonja
  8919 | D:11     | 8919 ||| PLANNING LAIR
  8919 | D:11     | 8919 ||| READING scroll labelled XAXZYLA DUDGH.
  8920 | D:11     | 8920 ||| READING scroll labelled ZOWIEX RENYXZA.
  9083 | Lair:1   | Entered Level 1 of the Lair of Beasts
  9084 | Lair:1   | 9084 ||| PLANNING GAUNTLET
  9176 | Lair:1   | 9176 ||| RETREEEEATING.
  9192 | Lair:1   | Reached skill level 14 in Ranged Weapons
  9196 | Lair:1   | Received a gift from Okawaru
  9215 | Lair:1   | Reached XP level 12. HP: 71/76 MP: 18/18
  9299 | Lair:1   | Reached skill level 9 in Invocations
  9314 | Lair:1   | HP: 4/76 [lindwurm/blast of flame (42)]
  9315 | Lair:1   | 9315 ||| READING 3 scrolls of teleportation.
  9316 | Lair:1   | 9316 ||| DRINKING 2 potions of heal wounds.
  9317 | Lair:1   | 9317 ||| DRINKING potion of heal wounds.
  9319 | Lair:1   | Found a gate leading to a gauntlet.
  9351 | Lair:1   | 9351 ||| UPGRADING to +6 ring of dexterity.
  9353 | Lair:1   | 9353 ||| DROPPING +6 ring of strength.
  9354 | Lair:1   | 9354 ||| UPGRADING to +4 ring of protection.
  9356 | Lair:1   | 9356 ||| DROPPING ring of the Duke {Fly Will+ MP+9 Str-2}.
  9364 | Gauntlet | Entered a Gauntlet
  9364 | Gauntlet | Found a transporter.
  9366 | Gauntlet | Noticed a reaper
  9367 | Gauntlet | Found a transporter.
  9379 | Gauntlet | Found a transporter.
  9383 | Gauntlet | Found a transporter.
  9403 | Gauntlet | Found a transporter.
  9404 | Gauntlet | Noticed a great orb of eyes
  9416 | Gauntlet | Found a transporter.
  9429 | Gauntlet | Found a transporter.
  9449 | Gauntlet | Found a transporter.
  9453 | Gauntlet | Found a transporter.
  9461 | Gauntlet | Found a transporter.
  9482 | Gauntlet | Found a transporter.
  9486 | Gauntlet | Found a transporter.
  9556 | Gauntlet | 9556 ||| RETREEEEATING.
  9557 | Gauntlet | 9557 ||| RETREEEEATING.
  9624 | Gauntlet | 9624 ||| RETREEEEATING.
  9637 | Gauntlet | Reached skill level 6 in Dodging
  9657 | Gauntlet | Reached ****** piety under Okawaru
  9659 | Gauntlet | 9659 ||| INVOKING Receive Weapon.
  9659 | Gauntlet | 9659 ||| ACQUIRING +2 arbalest of draining
  9659 | Gauntlet | Acquired a +2 arbalest of draining
  9659 | Gauntlet | Received a gift from Okawaru
  9660 | Gauntlet | 9660 ||| INVOKING Receive Armour.
  9660 | Gauntlet | 9660 ||| ACQUIRING +3 pair of gauntlets of War {Slay+5}
  9660 | Gauntlet | Acquired the +3 pair of gauntlets of War {Slay+5}
  9660 | Gauntlet | Received a gift from Okawaru
  9660 | Gauntlet | Found the +3 pair of gauntlets of War {Slay+5}
  9662 | Gauntlet | 9662 ||| SWAPPING to +2 arbalest of draining.
  9663 | Gauntlet | 9663 ||| DROPPING +0 orcbow.
  9674 | Gauntlet | 9674 ||| UPGRADING to +2 hat of willpower.
  9684 | Gauntlet | 9684 ||| DROPPING +0 helmet.
  9685 | Gauntlet | 9685 ||| UPGRADING to +3 pair of gauntlets of War {Slay+5}.
  9695 | Gauntlet | 9695 ||| DROPPING +1 pair of gloves.
  9696 | Gauntlet | 9696 ||| READING scroll of identify.
  9696 | Gauntlet | 9696 ||| IDENTIFYING silvery potion
  9697 | Gauntlet | 9697 ||| DROPPING potion of brilliance.
  9707 | Gauntlet | Noticed a minotaur
  9710 | Gauntlet | 9710 ||| INVOKING Finesse.
  9720 | Gauntlet | Killed a minotaur
  9755 | Gauntlet | Identified the +1 ring mail "Earthly Heaven" {rPois rC+
                  | Dex-5}
  9757 | Gauntlet | Identified the +0 pair of boots of Shielding {rN+ Dex+3}
  9770 | Gauntlet | 9770 ||| UPGRADING to +0 pair of boots of Shielding {rN+
                  | Dex+3}.
  9789 | Lair:1   | 9789 ||| PLANNING LAIR
  9849 | Lair:1   | 9849 ||| FLEEEEING.
 10008 | Lair:1   | Received a gift from Okawaru
 10436 | Lair:1   | 10436 ||| DROPPING ring of see invisible.
 10437 | Lair:1   | 10437 ||| READING scroll of identify.
 10437 | Lair:1   | 10437 ||| IDENTIFYING pink potion
 10438 | Lair:1   | 10438 ||| DROPPING potion of attraction.
 10480 | Lair:2   | 10480 ||| RETREEEEATING.
 10481 | Lair:2   | 10481 ||| RETREEEEATING.
 10482 | Lair:2   | 10482 ||| RETREEEEATING.
 10483 | Lair:2   | 10483 ||| RETREEEEATING.
 10488 | Lair:2   | 10488 ||| INVOKING Finesse.
 10488 | Lair:2   | Noticed a death yak
 10493 | Lair:2   | Noticed a death yak
 10494 | Lair:2   | 10494 ||| INVOKING Heroism.
 10496 | Lair:2   | Noticed a death yak
 10498 | Lair:2   | 10498 ||| RETREEEEATING.
 10501 | Lair:2   | 10501 ||| RETREEEEATING.
 10502 | Lair:2   | 10502 ||| RETREEEEATING.
 10504 | Lair:2   | Noticed a death yak
 10505 | Lair:2   | 10505 ||| DRINKING 2 potions of haste.
 10506 | Lair:2   | Noticed a death yak
 10508 | Lair:2   | Killed a death yak
 10510 | Lair:2   | Killed a death yak
 10514 | Lair:2   | Killed a death yak
 10514 | Lair:2   | Received a gift from Okawaru
 10517 | Lair:2   | Killed a death yak
 10522 | Lair:2   | Killed a death yak
 10523 | Lair:2   | Reached skill level 15 in Ranged Weapons
 10532 | Lair:2   | Received a gift from Okawaru
 10533 | Lair:2   | Reached XP level 13. HP: 76/82 MP: 20/20
 10872 | Lair:2   | Found a staircase to the Snake Pit.
 10966 | Lair:2   | 10966 ||| RETREEEEATING.
 10974 | Lair:2   | 10974 ||| RETREEEEATING.
 10975 | Lair:2   | 10975 ||| RETREEEEATING.
 10979 | Lair:2   | Found a staircase to the Shoals.
 10981 | Lair:2   | 10981 ||| RETREEEEATING.
 10984 | Lair:2   | 10984 ||| RETREEEEATING.
 10985 | Lair:2   | 10985 ||| RETREEEEATING.
 10986 | Lair:2   | 10986 ||| RETREEEEATING.
 10987 | Lair:2   | 10987 ||| RETREEEEATING.
 10991 | Lair:2   | Received a gift from Okawaru
 10994 | Lair:2   | 10994 ||| RETREEEEATING.
 10996 | Lair:2   | 10996 ||| RETREEEEATING.
 11000 | Lair:2   | 11000 ||| RETREEEEATING.
 11001 | Lair:2   | 11001 ||| RETREEEEATING.
 11038 | Lair:2   | Reached skill level 16 in Ranged Weapons
 11197 | Lair:2   | 11197 ||| DRINKING 2 cyan potions.
 11198 | Lair:2   | 11198 ||| DRINKING 6 potions of curing.
 11198 | Lair:2   | 11198 ||| (to cure confusion)
 11199 | Lair:2   | 11199 ||| DROPPING potion of ambrosia.
 11422 | Lair:3   | Received a gift from Okawaru
 11430 | Lair:3   | Identified the orb of Hepliaklqana's Whim {*channel, Int+7
                  | Dex+2 Necro}
 11981 | Lair:4   | Noticed Urug
 11987 | Lair:4   | Killed Urug
 12052 | Lair:4   | 12052 ||| READING scroll of enchant weapon.
 12052 | Lair:4   | 12052 ||| ENCHANTING +2 arbalest of draining.
 12254 | Lair:4   | 12254 ||| RETREEEEATING.
 12256 | Lair:4   | 12256 ||| RETREEEEATING.
 12258 | Lair:4   | 12258 ||| RETREEEEATING.
 12264 | Lair:4   | 12264 ||| RETREEEEATING.
 12267 | Lair:4   | 12267 ||| RETREEEEATING.
 12268 | Lair:4   | 12268 ||| RETREEEEATING.
 12380 | Lair:4   | Reached skill level 17 in Ranged Weapons
 12411 | Lair:4   | Received a gift from Okawaru
 12591 | Lair:4   | 12591 ||| RETREEEEATING.
 12593 | Lair:4   | 12593 ||| RETREEEEATING.
 12595 | Lair:4   | 12595 ||| RETREEEEATING.
 12599 | Lair:4   | 12599 ||| RETREEEEATING.
 12600 | Lair:4   | 12600 ||| RETREEEEATING.
 12601 | Lair:4   | 12601 ||| RETREEEEATING.
 12602 | Lair:4   | 12602 ||| RETREEEEATING.
 12844 | Lair:4   | 12844 ||| READING scroll labelled JOKKOGG QISOU.
 12867 | Lair:5   | Entered Level 5 of the Lair of Beasts
 12868 | Lair:5   | 12868 ||| STAIRDANCE
 12872 | Lair:4   | Gained mutation: Your large and strong wings let you fly.
                  | [Gargoyle growth]
 12872 | Lair:4   | Reached XP level 14. HP: 78/90 MP: 21/21
 12877 | Lair:4   | Reached skill level 9 in Dodging
 12881 | Lair:4   | 12881 ||| FLEEEEING.
 12891 | Lair:5   | 12891 ||| STAIRDANCE
 12893 | Lair:4   | 12893 ||| RETREEEEATING.
 12894 | Lair:4   | 12894 ||| RETREEEEATING.
 12895 | Lair:4   | 12895 ||| RETREEEEATING.
 12896 | Lair:4   | 12896 ||| RETREEEEATING.
 12897 | Lair:4   | 12897 ||| RETREEEEATING.
 12898 | Lair:4   | 12898 ||| RETREEEEATING.
 12899 | Lair:4   | 12899 ||| RETREEEEATING.
 12900 | Lair:4   | 12900 ||| RETREEEEATING.
 12901 | Lair:4   | 12901 ||| RETREEEEATING.
 12902 | Lair:4   | 12902 ||| RETREEEEATING.
 12903 | Lair:4   | 12903 ||| RETREEEEATING.
 12904 | Lair:4   | 12904 ||| RETREEEEATING.
 12905 | Lair:4   | 12905 ||| RETREEEEATING.
 12906 | Lair:4   | 12906 ||| RETREEEEATING.
 12907 | Lair:4   | 12907 ||| RETREEEEATING.
 12908 | Lair:4   | 12908 ||| RETREEEEATING.
 12909 | Lair:4   | 12909 ||| RETREEEEATING.
 12910 | Lair:4   | 12910 ||| RETREEEEATING.
 12911 | Lair:4   | 12911 ||| RETREEEEATING.
 12912 | Lair:4   | 12912 ||| RETREEEEATING.
 12913 | Lair:4   | 12913 ||| RETREEEEATING.
 12914 | Lair:4   | 12914 ||| INVOKING Finesse.
 12917 | Lair:4   | Received a gift from Okawaru
 12962 | Lair:5   | 12962 ||| STAIRDANCE
 12984 | Lair:5   | 12984 ||| STAIRDANCE
 12994 | Lair:5   | 12994 ||| STAIRDANCE
 13009 | Lair:5   | 13009 ||| RETREEEEATING.
 13010 | Lair:5   | 13010 ||| RETREEEEATING.
 13011 | Lair:5   | 13011 ||| RETREEEEATING.
 13013 | Lair:5   | 13013 ||| RETREEEEATING.
 13059 | Lair:5   | Identified the +6 great sword of Offiub {speed, rN+ Str-4
                  | Stlth+}
 13067 | Lair:5   | Found a staircase to the Slime Pits.
 13135 | Lair:5   | 13135 ||| RETREEEEATING.
 13137 | Lair:5   | Received a gift from Okawaru
 13139 | Lair:5   | 13139 ||| RETREEEEATING.
 13140 | Lair:5   | 13140 ||| RETREEEEATING.
 13141 | Lair:5   | 13141 ||| RETREEEEATING.
 13153 | Lair:5   | Reached skill level 18 in Ranged Weapons
 13246 | Lair:5   | 13246 ||| RETREEEEATING.
 13248 | Lair:5   | 13248 ||| RETREEEEATING.
 13251 | Lair:5   | 13251 ||| RETREEEEATING.
 13252 | Lair:5   | 13252 ||| RETREEEEATING.
 13253 | Lair:5   | 13253 ||| RETREEEEATING.
 13259 | Lair:5   | 13259 ||| RETREEEEATING.
 13260 | Lair:5   | 13260 ||| RETREEEEATING.
 13261 | Lair:5   | 13261 ||| RETREEEEATING.
 13262 | Lair:5   | 13262 ||| RETREEEEATING.
 13263 | Lair:5   | 13263 ||| RETREEEEATING.
 13264 | Lair:5   | 13264 ||| RETREEEEATING.
 13265 | Lair:5   | 13265 ||| RETREEEEATING.
 13266 | Lair:5   | 13266 ||| RETREEEEATING.
 13373 | Lair:5   | 13373 ||| FLEEEEING.
 13374 | Lair:5   | 13374 ||| FLEEEEING.
 13375 | Lair:5   | 13375 ||| FLEEEEING.
 13376 | Lair:5   | 13376 ||| FLEEEEING.
 13383 | Lair:5   | Reached skill level 12 in Fighting
 13714 | Lair:5   | Found a burning altar of Makhleb.
 13720 | Lair:5   | 13720 ||| RETREEEEATING.
 13722 | Lair:5   | 13722 ||| RETREEEEATING.
 13734 | Lair:5   | 13734 ||| RETREEEEATING.
 13736 | Lair:5   | 13736 ||| RETREEEEATING.
 13738 | Lair:5   | 13738 ||| RETREEEEATING.
 13739 | Lair:5   | 13739 ||| RETREEEEATING.
 13740 | Lair:5   | 13740 ||| RETREEEEATING.
 13741 | Lair:5   | 13741 ||| RETREEEEATING.
 13742 | Lair:5   | 13742 ||| RETREEEEATING.
 13744 | Lair:5   | 13744 ||| INVOKING Finesse.
 13745 | Lair:5   | 13745 ||| RETREEEEATING.
 13747 | Lair:5   | 13747 ||| RETREEEEATING.
 13748 | Lair:5   | 13748 ||| RETREEEEATING.
 13749 | Lair:5   | 13749 ||| RETREEEEATING.
 13750 | Lair:5   | 13750 ||| RETREEEEATING.
 13751 | Lair:5   | 13751 ||| RETREEEEATING.
 13752 | Lair:5   | 13752 ||| RETREEEEATING.
 13753 | Lair:5   | 13753 ||| RETREEEEATING.
 13754 | Lair:5   | 13754 ||| RETREEEEATING.
 13755 | Lair:5   | 13755 ||| RETREEEEATING.
 13756 | Lair:5   | 13756 ||| RETREEEEATING.
 13757 | Lair:5   | 13757 ||| RETREEEEATING.
 13758 | Lair:5   | HP: 22/92 [sun demon (18)]
 13759 | Lair:5   | 13759 ||| READING 2 scrolls of teleportation.
 13759 | Lair:5   | Slain by a sun demon

Levels and vault maps discovered:
D:1:      dreamdust_arrival_beginning_and_end, layout_loops_ring,
          shapermc_ecumenical_altar_acropolis
D:2:      minmay_skewed_foursquare, layout_loops_ring, basic_altar,
          minmay_split_cup_large
D:3:      layout_basic, cheibrodos_gnoll_hut
D:4:      layout_cave_pools
D:5:      layout_basic, minmay_temple_entry_wispy
D:6:      layout_basic, gammafunk_temple_overflow_statue, grunt_ministairs_1,
          kennysheep_generic_room_15
D:7:      layout_basic, minmay_misc_feat_plants
D:8:      layout_loops_ring, lightli_bailey_entry_fortress,
          hangedman_abyss_or_decor_clamps, uniq_psyche, uniq_erica
D:9:      layout_cave_pools, orc_david_3, st_stairs_9
D:10:     layout_long_grid
D:11:     layout_loops_corners, lair_entry_dummy, centaur_isle, uniq_sonja
Temple:   mainiacjoe_temple_big_plus
Lair:1:   layout_small_grid, gauntlet_entry_generic
Lair:2:   layout_chaotic_city, minmay_shoals_entry_beasts,
          guppyfry_snake_entry_garden, grunt_megastairs_3
Lair:3:   layout_gridlike, serial_rivers, chequers_serial_rivers_micro_b,
          chequers_serial_rivers_small_b, chequers_serial_rivers_large_b,
          chequers_serial_rivers_micro_c, dreamdust_wasp_nest
Lair:4:   layout_long_grid, lemuel_old_faithful, lemuel_fruit_tree, uniq_urug
Lair:5:   evil_forest, layout_hall_layers, slime_entry_1,
          infiniplex_staircase_pool_2

Skill      XL: |  1  2  3  4  5  6  7  8  9 10 11 12 13 14 |
---------------+-------------------------------------------+-----
Ranged Weapons | 5 6 7 8 10 11 13 14 15 17 18 | 18.0
Fighting       | 3 4 5 6 7 8 9 10 11 12 | 12.0
Armour         | 1 2 3 4 |  4.0
Dodging        | 2 3 4 5 7 8 9 |  9.6
Invocations    | 4 8 10 | 10.0
Stealth        | |  1.1

Action                     |  1- 3 |  4- 6 |  7- 9 | 10-12 | 13-15 || total
---------------------------+-------+-------+-------+-------+-------++-------
  Melee: Shortbow          |       |       |     2 |       |       ||     2
   Fire: Shortbow          |   109 |   183 |   286 |       |       ||   578
         Orcbow            |       |       |    67 |   619 |       ||   686
         Arbalest          |       |       |       |    71 |   365 ||   436
 Invoke: Heroism           |       |       |       |     5 |       ||     5
         Finesse           |       |       |       |     7 |     2 ||     9
         Receive Weapon    |       |       |       |     1 |       ||     1
         Receive Armour    |       |       |       |     1 |       ||     1
    Use: Scroll            |     1 |    12 |     3 |    10 |     3 ||    29
         Potion            |       |     4 |       |     5 |     2 ||    11
 Armour: Leather armour    |    38 |    63 |   128 |   274 |   129 ||   632
  Dodge: Dodged            |    23 |    38 |   127 |   350 |   162 ||   700
  Block: Other             |     7 |     9 |       |       |       ||    16

Table legend:
 A = Non-vault XP
 B = Vault XP
 C = Vault XP percentage of total XP
 D = Non-vault monster count
 E = Vault monster count
 F = Vault count percentage of total count
                 A         B        C        D         E       F
            +---------+---------+-------+---------+---------+-------
      Total |   53080 |   23407 |  30.6 |     382 |      92 |  19.4
            +---------+---------+-------+---------+---------+-------
        D:1 |      36 |       0 |   0.0 |      20 |       0 |   0.0
        D:2 |      35 |      51 |  59.3 |      13 |      10 |  43.5
        D:3 |      85 |     100 |  54.1 |      21 |       3 |  12.5
        D:4 |     162 |       0 |   0.0 |      28 |       0 |   0.0
        D:5 |    1237 |       0 |   0.0 |      41 |       0 |   0.0
        D:6 |     860 |     290 |  25.2 |      24 |       3 |  11.1
        D:7 |    1341 |       0 |   0.0 |      15 |       0 |   0.0
        D:8 |    1524 |    1212 |  44.3 |      22 |      14 |  38.9
        D:9 |    1533 |    1273 |  45.4 |      31 |       6 |  16.2
       D:10 |    2742 |       0 |   0.0 |      26 |       0 |   0.0
       D:11 |    2902 |    1458 |  33.4 |      19 |       7 |  26.9
     Lair:1 |    5382 |       0 |   0.0 |      15 |       0 |   0.0
     Lair:2 |    9263 |    4986 |  35.0 |      37 |      13 |  26.0
     Lair:3 |    2946 |    1908 |  39.3 |       9 |       7 |  43.8
     Lair:4 |   14487 |     788 |   5.2 |      35 |       1 |   2.8
     Lair:5 |    8545 |    7145 |  45.5 |      26 |      19 |  42.2
   Gauntlet |       0 |    4196 | 100.0 |       0 |       9 | 100.0
            +---------+---------+-------+---------+---------+-------
